 Dungeon Sprint DCSS version 0.20.1-1-g8b1a95d (console) character file.

4100000 hilaritas the Axe Maniac (level 27, -45/249 HPs)
             Began as a Formicid Fighter on Dec 28, 2017.
             Was the Champion of Makhleb.
             Annihilated by a destroyer
             ... wielding a +9 great sword of slicing
              (71 damage)
             ... in the Dungeon (Sprint VIII: "Arena of Blood").
             The game lasted 00:03:16 (41 turns).

hilaritas the Axe Maniac (Formicid Fighter)           Turns: 41, Time: 00:03:17

Health: -45/249    AC: 13    Str: 34    XL:     27
Magic:  25/54      EV: 24    Int:  8    God:    Makhleb [******]
Gold:   0          SH: 20    Dex: 10    Spells: 80/80 levels left

rFire    . . .     SeeInvis +   l - +∞ Axe of Woe
rCold    . . .     Gourm    .   c - +0 shield
rNeg     . . .     Faith    .   b - +0 scale mail
rPois    .         Spirit   .   (helmet unavailable)
rElec    .         Reflect  .   (no cloak)
rCorr    .         Harm     .   (no gloves)
MR       ++...                  (no boots)
Stlth    ++++++++..             (no amulet)
Regen    0.6/turn               (no ring)
MPRegen  0.4/turn               (no ring)

@: no status effects
A: permanent stasis, dig shafts and tunnels, four strong arms, antennae 3
a: Dig, Minor Destruction, Lesser Servant of Makhleb, Major Destruction, Greater
Servant of Makhleb, Renounce Religion


You were in the Dungeon.
You worshipped Makhleb.
Makhleb was exalted by your worship.
You were not hungry.

You visited 1 branch

Inventory:

Hand Weapons
 a - a +0 war axe
 l - the +∞ Axe of Woe (weapon)
   (You found it in the Dungeon)
Armour
 b - a +0 scale mail (worn)
 c - a +0 shield (worn)
Scrolls
 k - a scroll of blinking
Potions
 d - a potion of might
 e - a potion of curing
 g - a potion of heal wounds
 h - a potion of haste
 i - 2 potions of magic
 j - a potion of berserk rage
Comestibles
 f - a bread ration


   Skills:
 O Level 27 Fighting
 O Level 27 Axes
 O Level 27 Throwing
 O Level 27 Armour
 O Level 27 Dodging
 O Level 27 Stealth
 O Level 27 Shields
 O Level 27 Unarmed Combat
 O Level 27 Spellcasting
 O Level 27 Invocations


You had 80 spell levels left.
You didn't know any spells.

Dungeon Overview and Level Annotations

Branches:
Dungeon (1/1)

Altars:
Makhleb


Innate Abilities, Weirdness & Mutations

You cannot be hasted, slowed, berserked, paralysed or teleported.
You can dig through walls and to a lower floor.
Your four strong arms can wield two-handed weapons with a shield.
You have a pair of large antennae on your head. (SInv)


Message History

You kill the bag of meat!
Makhleb accepts your kill.
You are engulfed in blazing flames.
You hear a shout! x4
The destroyer is engulfed in blazing flames.
The destroyer blinks! x2
The bag of meat is engulfed in blazing flames.
A meat berserker comes into view. It is wielding a +9 battleaxe.
You hear a shout! x3
The bag of meat is engulfed in blazing flames.
You hear a shout! x2
The destroyer blinks!
The bag of meat is engulfed in blazing flames.
The bag of meat hits you with a +9 war axe.
You hear a shout!
The bag of meat is engulfed in blazing flames.
The destroyer hits you with a +9 great sword of slicing!!!!!
Ouch! That really hurt!
* * * LOW HITPOINT WARNING * * *
You die...

.. .# .. ......# .#
..........##O....#
.###......... ......#
............###§....#
..........V........§#
#.......#.#.........#
#............o.)...=#
#.)).))#)#{#ooo§@VV.#
..§).)).)))))ooo....#
.).).)))#)#o#oo#o...#
.###......§.oV#.....#
.#.........o.o.#o...#
.#............#...o.#
.............{......#
.....#...#....{.##..#
....#....#....§## ..#


You could see 4 destroyers, a meat berserker (berserk) and 16 bags of meat.

Vanquished Creatures
  5 vampire knights (D)
  14 ogres (D)
  A two-headed ogre (D)
  34 orcs (D)
54 creatures vanquished.

Notes
Turn   | Place    | Note
-------+----------+-------------------------------------------
     0 | D        | hilaritas the Formicid Fighter began the quest for the Orb.
     0 | D        | Reached XP level 1. HP: 18/18 MP: 1/1
     3 | D        | Noticed a bag of meat
     4 | D        | Noticed a bag of meat
     4 | D        | Became a worshipper of Makhleb the Destroyer
     5 | D        | Noticed a bag of meat
     6 | D        | Noticed a bag of meat
     6 | D        | Killed a bag of meat
     6 | D        | Reached XP level 2. HP: 24/24 MP: 2/2
     6 | D        | Reached XP level 3. HP: 29/29 MP: 3/3
     6 | D        | Reached XP level 4. HP: 35/35 MP: 4/4
     6 | D        | Reached XP level 5. HP: 41/41 MP: 5/5
     6 | D        | Reached XP level 6. HP: 47/47 MP: 6/6
     6 | D        | Reached XP level 7. HP: 52/52 MP: 7/7
     6 | D        | Reached XP level 8. HP: 58/58 MP: 8/8
     6 | D        | Reached XP level 9. HP: 64/64 MP: 9/9
     6 | D        | Reached XP level 10. HP: 70/70 MP: 10/10
     6 | D        | Reached XP level 11. HP: 75/75 MP: 11/11
     6 | D        | Reached XP level 12. HP: 81/81 MP: 12/12
     6 | D        | Killed a bag of meat
     6 | D        | Reached * piety under Makhleb
     6 | D        | Reached skill level 27 in Axes
     6 | D        | Reached skill level 15 in Fighting
     6 | D        | Reached XP level 13. HP: 117/117 MP: 13/13
     7 | D        | Noticed a meat berserker
     7 | D        | Noticed a bag of meat
     7 | D        | Noticed a bag of meat
     8 | D        | Noticed a meat berserker
     9 | D        | Noticed a meat berserker
    10 | D        | Noticed a bag of meat
    10 | D        | Killed a bag of meat
    10 | D        | Reached XP level 14. HP: 139/139 MP: 14/14
    10 | D        | Noticed a bag of meat
    10 | D        | Noticed a bag of meat
    11 | D        | Noticed a bag of meat
    11 | D        | Killed a meat berserker
    11 | D        | Reached skill level 27 in Fighting
    11 | D        | Reached XP level 15. HP: 77/159 MP: 15/15
    11 | D        | Killed a meat berserker
    11 | D        | Reached ** piety under Makhleb
    11 | D        | Reached XP level 16. HP: 149/167 MP: 16/16
    11 | D        | Reached skill level 27 in Shields
    12 | D        | Killed a meat berserker
    12 | D        | Reached XP level 17. HP: 174/174 MP: 17/17
    13 | D        | Noticed a destroyer
    15 | D        | Noticed a meat berserker
    15 | D        | Noticed a meat berserker
    16 | D        | Noticed a meat berserker
    16 | D        | Reached *** piety under Makhleb
    16 | D        | Reached XP level 18. HP: 182/182 MP: 18/18
    17 | D        | Noticed a meat berserker
    17 | D        | Noticed a meat berserker
    17 | D        | Killed a destroyer
    17 | D        | Reached skill level 27 in Armour
    17 | D        | Reached XP level 19. HP: 189/189 MP: 19/19
    17 | D        | Reached **** piety under Makhleb
    18 | D        | Noticed a meat berserker
    19 | D        | Noticed a meat berserker
    19 | D        | Reached skill level 27 in Dodging
    19 | D        | Reached XP level 20. HP: 197/197 MP: 19/34
    20 | D        | Noticed a large bag of meat
    20 | D        | Noticed a destroyer
    21 | D        | Reached ***** piety under Makhleb
    21 | D        | Reached skill level 27 in Invocations
    21 | D        | Killed a meat berserker
    21 | D        | Reached XP level 21. HP: 204/204 MP: 19/38
    22 | D        | Reached skill level 27 in Stealth
    22 | D        | Reached skill level 10 in Unarmed Combat
    22 | D        | Reached skill level 10 in Spellcasting
    22 | D        | Killed a meat berserker
    22 | D        | Reached skill level 15 in Throwing
    22 | D        | Reached skill level 15 in Unarmed Combat
    22 | D        | Reached skill level 15 in Spellcasting
    22 | D        | Reached XP level 22. HP: 212/212 MP: 19/41
    23 | D        | Noticed a meat berserker
    24 | D        | Noticed a meat berserker
    24 | D        | Noticed a destroyer
    24 | D        | Killed a meat berserker
    24 | D        | Killed a meat berserker
    24 | D        | Reached XP level 23. HP: 219/219 MP: 20/49
    26 | D        | Noticed a destroyer
    26 | D        | Reached ****** piety under Makhleb
    27 | D        | Noticed a destroyer
    27 | D        | Reached skill level 27 in Throwing
    27 | D        | Reached skill level 27 in Unarmed Combat
    27 | D        | Reached skill level 27 in Spellcasting
    27 | D        | Reached XP level 24. HP: 227/227 MP: 20/54
    28 | D        | Noticed a destroyer
    29 | D        | Reached XP level 25. HP: 216/234 MP: 21/54
    30 | D        | Reached XP level 26. HP: 242/242 MP: 21/54
    32 | D        | Killed a destroyer
    32 | D        | Reached XP level 27. HP: 249/249 MP: 22/54
    33 | D        | Noticed a destroyer
    34 | D        | Killed a destroyer
    36 | D        | Noticed a destroyer
    36 | D        | Killed a destroyer
    38 | D        | Noticed a destroyer
    38 | D        | Killed a destroyer
    40 | D        | Killed a large bag of meat
    41 | D        | Annihilated by a destroyer

Skill      XL: |  1  2  3  4  5  6  7  8  9 10 11 12 13 14 15 16 17 18 19 20 21 22 23 |
---------------+----------------------------------------------------------------------+-----
Axes           | 25 27 | 27.0
Fighting       | 15 21 27 | 27.0
Shields        | 13 24 27 | 27.0
Armour         | 22 25 27 | 27.0
Dodging        | 21 27 | 27.0
Invocations    | 20 27 | 27.0
Stealth        | 25 27 | 27.0
Throwing       | 15 22 27 | 27.0
Unarmed Combat | 15 22 27 | 27.0
Spellcasting   | 15 22 27 | 27.0

Action                   |  1- 3 |  4- 6 |  7- 9 | 10-12 | 13-15 | 16-18 | 19-21 | 22-24 | 25-27 || total
-------------------------+-------+-------+-------+-------+-------+-------+-------+-------+-------++-------
Melee: Executioner's axe |     1 |       |       |       |     2 |     3 |     3 |     4 |     6 ||    19
Dodge: Dodged            |       |       |       |       |       |       |       |     2 |     1 ||     3
Block: Shield            |       |       |       |       |       |       |     1 |     3 |     2 ||     6
